 Dungeon Crawl Stone Soup version 0.27.1-16-g815e20cd7a (webtiles) character file.

Game seed: 4003228276614254279

3569 zeram the Thaumaturge (level 9, -2/45 HPs)
             Began as a Deep Elf Conjurer on Nov 23, 2021.
             Was an Initiate of Gozag.
             Slain by a boulder beetle (26 damage)
             ... on level 8 of the Dungeon.
             The game lasted 00:25:25 (8825 turns).

zeram the Thaumaturge (Deep Elf Conjurer)           Turns: 8825, Time: 00:25:26

Health: -2/45      AC:  8    Str:  4    XL:     9   Next: 84%
Magic:  18/27      EV: 19    Int: 25    God:    Gozag
Gold:   818        SH:  0    Dex: 27    Spells: 11/33 levels left

rFire    . . .     SeeInvis .   r - +8 dagger "Gahosch" {speed, *Rage rPois Int-2 Dex+8}
rCold    . . .     Faith    .   (no shield)
rNeg     . . .     Spirit   .   a - +0 robe
rPois    +         Reflect  .   d - +0 helmet
rElec    .         Harm     .   n - +0 cloak
rCorr    .         Rampage  .   k - +1 pair of gloves
Will     .....     Rnd*Rage +   b - +1 pair of boots
Stlth    +++.......             (no amulet)
HPRegen  0.15/turn              i - +6 ring of dexterity
MPRegen  0.20/turn              (no ring)

@: no status effects
A: no striking features
a: Renounce Religion, Potion Petition, Call Merchant, Bribe Branch


You were on level 8 of the Dungeon.
You worshipped Gozag.
Gozag was pleased with you.
You visited 1 branch of the dungeon, and saw 8 of its levels.

You collected 914 gold pieces.
You paid 96 gold pieces to Gozag.

Inventory:

Hand Weapons
 e - a +3 dagger of venom
 r - the +8 dagger "Gahosch" (weapon) {speed, *Rage rPois Int-2 Dex+8}
   (You found it on level 4 of the Dungeon)

   Attacks with this weapon are significantly faster.
   Int:       It affects your intelligence (-2).
   Dex:       It affects your dexterity (+8).
   rPois:     It protects you from poison.
   *Rage:     It may make you go berserk in combat.
Armour
 a - a +0 robe (worn)
 b - a +1 pair of boots (worn)
 d - a +0 helmet (worn)
 k - a +1 pair of gloves (worn)
 n - a +0 cloak (worn)
 o - a scarf of resistance
Magical Staves
 c - a staff of poison
Jewellery
 i - a +6 ring of dexterity (left hand)
Wands
 h - a wand of flame (45)
Scrolls
 f - 4 scrolls of amnesia
 g - a scroll of immolation
 l - a scroll of fog
 m - 2 scrolls of teleportation
 q - a scroll of blinking
 u - a scroll of enchant weapon
 v - a scroll of silence
Potions
 j - 3 potions of mutation {unknown}
 p - a potion of magic
 s - a potion of berserk rage {unknown}
 t - a potion of heal wounds {unknown}
 w - a potion of attraction
 x - a potion of curing {unknown}


   Skills:
 - Level 0.2 Short Blades
 + Level 7.9 Dodging
 - Level 2.4 Stealth
 + Level 12.7 Spellcasting
 + Level 9.8 Conjurations


You had 11 spell levels left.
You knew the following spells:

 Your Spells              Type           Power      Damage    Failure   Level
a - Magic Dart            Conj           100%       1d8       1%          1
b - Searing Ray           Conj           100%       3d7       1%          2
c - Dazzling Flash        Conj/Hex       80%        N/A       1%          3
d - Fulminant Prism       Conj/Hex       20%        3d13      4%          4
e - Iskenderun's Mystic   Conj/Tloc      40%        2d9       4%          4
f - Teleport Other        Tloc           15%        N/A       11%         3
g - Ensorcelled Hibernat  Hex/Ice        30%        N/A       5%          2
h - Tukima's Dance        Hex            15%        N/A       11%         3

Your spell library contained the following spells:

 Spells                   Type           Power      Damage    Failure   Level
 Corona                   Hex            16%        N/A       3%          1
 Call Canine Familiar     Summ           15%        N/A       11%         3
 Gell's Gravitas          Tloc           7%         N/A       11%         3
 Lesser Beckoning         Tloc           7%         N/A       11%         3
 Ozocubu's Armour         Ice            15%        N/A       11%         3
 Portal Projectile        Hex/Tloc       30%        N/A       11%         3
 Leda's Liquefaction      Hex/Erth       7%         N/A       36%         4
 Starburst                Conj/Fire      20%        6d7       58%         6
 Ozocubu's Refrigeration  Ice            7%         4d6       100%        7


Dungeon Overview and Level Annotations

Branches:
Dungeon (8/15)             Temple (0/1) D:6
   Lair: D:8-11

Altars:
Dithmenos
Gozag
Kikubaaqudgha
Sif Muna
Uskayaw
Yredelemnul

Shops:
D:7 =(![(

Annotations:
D:3 1 runed translucent door
D:6 2 transporters, zeram's ghost, amateur KoEn


Message History

You climb downwards.
There is a stone staircase leading up here.
Casting: Searing Ray (safe; 1% risk of failure)
Confirm with . or Enter, or press ? or * to list all spells.
Aiming: Searing Ray (safe; 1% risk of failure)
Press: ? - help, Shift-Dir - straight line, f - boulder beetle
Aim: a boulder beetle (100% to hit)
The searing ray hits the boulder beetle.
The boulder beetle is lightly wounded. (Press . to maintain the ray.)
The searing ray hits the boulder beetle but does no damage.
The boulder beetle is lightly wounded.
The searing ray hits the boulder beetle but does no damage.
The boulder beetle is lightly wounded.
The searing ray hits the boulder beetle!
The boulder beetle is lightly wounded.
You finish channeling your searing ray.
The boulder beetle barely misses you.
Casting: Searing Ray (safe; 1% risk of failure)
Confirm with . or Enter, or press ? or * to list all spells.
Aiming: Searing Ray (safe; 1% risk of failure)
Press: ? - help, Shift-Dir - straight line, f/p - boulder beetle
Aim: a boulder beetle (lightly wounded, 100% to hit)
The searing ray hits the boulder beetle.
The boulder beetle is moderately wounded. (Press . to maintain the ray.)
The boulder beetle bites you!!
The searing ray hits the boulder beetle but does no damage.
The boulder beetle is moderately wounded.
The boulder beetle closely misses you.
Unknown command.
The searing ray hits the boulder beetle but does no damage.
The boulder beetle is moderately wounded.
The boulder beetle closely misses you.
Unknown command.
The searing ray hits the boulder beetle but does no damage.
The boulder beetle is lightly wounded.
You finish channeling your searing ray.
The boulder beetle bites you!!
Ouch! That really hurt!
You die...
Your body crumbles into a pile of gold.

#.# #.# . #.# ###. #.#
... .. #######.##.# ....
..........##....
#..#....(....(
#..B@..=......
#............. $
#(##......)... ..#..#
#..#.........?...
..#..#...#..#..#.#.######
..#..#...#..#....#.#
..#..#...#..#..#.#.#
..#..#...#..#..#.#.#
..#..#...#..#..#.#.#


You could see a boulder beetle.

Vanquished Creatures
  Pikel (D:5)
  Grinder (D:6)
  Sigmund (D:5)
  3 yaks
  Menkaure (D:6)
  Edmund (D:5)
  Duvessa (D:5)
  A sky beast (D:5)
  An orc warrior (D:6)
  A black bear (D:7)
  3 ogres
  A phantom (D:4)
  A lemure (D:4)
  3 bullfrogs
  A wyvern zombie (D:6)
  Dowan (D:5)
  A water moccasin skeleton (D:5)
  3 howler monkeys
  4 centaur zombies
  7 hounds
  A jelly (D:5)
  2 centaur skeletons (D:7)
  Crazy Yiuf (D:3)
  3 iguanas
  Terence (D:2)
  Natasha (twice) (D:2)
  3 orc wizards
  Robin (D:2)
  7 gnolls
  2 adders (D:4)
  A white imp (D:7)
  An adder skeleton (D:4)
  A worm (D:3)
  6 dart slugs
  27 orcs
  7 ball pythons
  8 bats
  8 endoplasms
  2 giant cockroaches (D:1)
  13 goblins
  16 hobgoblins
  6 jackals
  7 kobolds
  3 quokkas
  4 frilled lizards
  A goblin skeleton (D:3)
  A jackal skeleton (D:3)
  5 rats
177 creatures vanquished.

Vanquished Creatures (others)
  A fulminant prism (D:5)
  2 plants (D:4)
3 creatures vanquished.

Grand Total: 180 creatures vanquished

Notes
Turn   | Place    | Note
-------+----------+-------------------------------------------
     0 | D:1      | zeram the Deep Elf Conjurer began the quest for the Orb.
     0 | D:1      | Reached XP level 1. HP: 10/10 MP: 6/6
   265 | D:1      | Reached XP level 2. HP: 15/15 MP: 6/8
   499 | D:1      | Learned a level 2 spell: Searing Ray
   525 | D:1      | Reached skill level 4 in Spellcasting
  1093 | D:2      | Noticed Robin
  1095 | D:2      | Noticed Natasha
  1098 | D:2      | Reached XP level 3. HP: 19/19 MP: 4/10
  1121 | D:2      | Killed Natasha
  1122 | D:2      | Reached skill level 5 in Spellcasting
  1124 | D:2      | Killed Robin
  1125 | D:2      | Reached XP level 4. HP: 5/24 MP: 7/13
  1551 | D:2      | Found a shimmering blue altar of Sif Muna.
  1656 | D:2      | Noticed Terence
  1660 | D:2      | Killed Terence
  1664 | D:2      | Reached skill level 6 in Spellcasting
  1813 | D:2      | Reached XP level 5. HP: 28/28 MP: 11/15
  2390 | D:2      | Noticed Natasha
  2396 | D:2      | Killed Natasha
  2743 | D:3      | Found a runed translucent door.
  2744 | D:3      | Noticed Crazy Yiuf
  2997 | D:3      | Learned a level 3 spell: Dazzling Flash
  3150 | D:3      | Noticed a human
  3151 | D:3      | Found a runed translucent door.
  3156 | D:3      | Found a basalt altar of Yredelemnul.
  3547 | D:3      | Killed Crazy Yiuf
  3615 | D:3      | Learned a level 4 spell: Fulminant Prism
  3620 | D:3      | Learned a level 4 spell: Iskenderun's Mystic Blast
  3662 | D:4      | Reached skill level 7 in Spellcasting
  3662 | D:4      | Reached skill level 5 in Conjurations
  3662 | D:4      | Reached XP level 6. HP: 32/32 MP: 9/18
  4053 | D:4      | Reached skill level 8 in Spellcasting
  4053 | D:4      | Reached XP level 7. HP: 24/36 MP: 16/20
  4369 | D:4      | Reached skill level 5 in Dodging
  4672 | D:4      | Learned a level 3 spell: Teleport Other
  4724 | D:4      | Found an ancient bone altar of Kikubaaqudgha.
  4724 | D:4      | Found an opulent altar of Gozag.
  4761 | D:4      | Became a worshipper of Gozag Ym Sagoz the Greedy
  4765 | D:4      | Identified the +8 dagger "Gahosch" {speed, *Rage rPois
                  | Int-2 Dex+8}
  5008 | D:4      | Found a shadowy altar of Dithmenos.
  5225 | D:5      | Entered Level 5 of the Dungeon
  5274 | D:5      | Reached skill level 9 in Spellcasting
  5315 | D:5      | Noticed Duvessa
  5316 | D:5      | Noticed Dowan
  5323 | D:5      | Killed Duvessa
  5429 | D:5      | Killed Dowan
  5430 | D:5      | Reached XP level 8. HP: 41/41 MP: 16/23
  5525 | D:5      | Noticed Sigmund
  5539 | D:5      | Killed Sigmund
  5540 | D:5      | Reached skill level 10 in Spellcasting
  5804 | D:5      | Noticed Pikel
  5950 | D:5      | Killed Pikel
  6044 | D:5      | Learned a level 2 spell: Ensorcelled Hibernation
  6048 | D:5      | Learned a level 3 spell: Tukima's Dance
  6071 | D:5      | Reached skill level 11 in Spellcasting
  6112 | D:5      | Identified the +1 leather armour of the Queen of Wands
                  | {Dex+3}
  6149 | D:5      | Noticed Edmund
  6156 | D:5      | Killed Edmund
  6157 | D:5      | Reached XP level 9. HP: 45/45 MP: 18/26
  6712 | D:6      | Noticed Grinder
  6720 | D:6      | Killed Grinder
  6783 | D:6      | Reached skill level 12 in Spellcasting
  6839 | D:6      | Found a transporter.
  6842 | D:6      | Noticed zeram's ghost (amateur KoEn)
  6854 | D:6      | Found a transporter.
  7204 | D:6      | Found a staircase to the Ecumenical Temple.
  7618 | D:6      | Noticed Menkaure
  7622 | D:6      | Killed Menkaure
  8094 | D:7      | Found Tevas's Jewellery Shoppe.
  8267 | D:7      | Noticed a +0 dagger
  8268 | D:7      | Noticed a +0 dagger
  8271 | D:7      | Found a hide-covered altar of Uskayaw.
  8425 | D:7      | Found Kuufyl's Antique Weapon Shoppe.
  8425 | D:7      | Found Sasm's Antique Armour Shoppe.
  8430 | D:7      | Found Fanale's Weapon Shoppe.
  8434 | D:7      | Found Baigyum's Distillery.
  8646 | D:8      | Noticed a boulder beetle
  8825 | D:8      | Slain by a boulder beetle

Illustrated notes

Levels and vault maps discovered:
D:1:      dpeg_arrival_brainrot, layout_loops_cross,
          minmay_misc_feat_nine_boxes, minmay_tiny_reverse_x
D:2:      layout_basic, kennysheep_flooded_box, uniq_robin, uniq_terence,
          uniq_natasha
D:3:      layout_loops_cross, dk_yredelemnul_ordeal, uniq_crazy_yiuf_cottage
D:4:      minmay_bubble_buster, layout_loops_ring,
          mainiacjoe_overflow_six_doors_small, jmf_multi_god_temple,
          serial_bayou, serial_bayou_pond_e, serial_bayou_pond_d,
          serial_bayou_pond_b, serial_bayou_pond_a, minmay_misc_feat_columns,
          st_stairs_7
D:5:      layout_layer_cave, uniq_pikel, uniq_duvessa, uniq_edmund, uniq_sigmund
D:6:      layout_loops_ring, minmay_temple_entry_slanted, gammafunk_ghost_hive,
          uniq_menkaure, uniq_grinder
D:7:      layout_rooms, dancing_weapons_uskayaw, serial_shops,
          nicolae_shop_behind_doors, minmay_shop_grid_forest
D:8:      layout_basic, guppyfry_early_elven_hall

Skill      XL: |  1  2  3  4  5  6  7  8  9 |
---------------+----------------------------+-----
Dodging        | 3 4 5 6 7 |  7.9
Spellcasting   | 4 5 6 7 8 9 11 12 | 12.7
Conjurations   | 5 6 8 9 |  9.8
Short Blades   | |  0.2
Stealth        | |  2.4

Action                   |  1- 3 |  4- 6 |  7- 9 || total
-------------------------+-------+-------+-------++-------
Melee: Staff             |     7 |    16 |       ||    23
       Dagger            |       |    35 |     9 ||    44
 Cast: Magic Dart        |    31 |    42 |    58 ||   131
       Searing Ray       |     3 |    20 |    57 ||    80
       Dazzling Flash    |       |     1 |       ||     1
       Fulminant Prism   |       |       |     1 ||     1
  Use: Scroll            |     4 |     6 |     5 ||    15
       Potion            |     1 |       |     3 ||     4
 Stab: Sleeping          |     1 |     5 |     3 ||     9
Armor: Robe              |     8 |    27 |    16 ||    51
       Skin              |       |       |     7 ||     7
Dodge: Dodged            |    17 |    71 |    61 ||   149
